 Dungeon Crawl Stone Soup version 0.29.0-4-gdea44cf6ec (webtiles) character file.

Game seed: 3488727472916651519

23 qw the Sneak (level 2, -3/19 HPs)
             Began as a Gargoyle Delver on Sept 10, 2022.
             Slain by an ogre
             ... wielding a +0 giant club
              (16 damage)
             ... on level 5 of the Dungeon.
             The game lasted 00:00:10 (298 turns).

qw the Sneak (Gargoyle Delver)                       Turns: 298, Time: 00:00:11

Health: -3/19      AC:  5    Str: 15    XL:     2   Next: 95%
Magic:  2/2        EV: 11    Int: 10    God:
Gold:   15         SH:  0    Dex: 11    Spells: 1/1 levels left

rFire   . . .      SeeInvis .   a - +0 hand axe
rCold   . . .      Faith    .   (no shield)
rNeg    + . .      Spirit   .   b - +0 leather armour
rPois   inf        Reflect  .   (no helmet)
rElec   +          Harm     .   (no cloak)
rCorr   .          Rampage  .   (no gloves)
Will    .....                   (no boots)
Stlth   +++.......              (no amulet)
HPRegen 0.06/turn               (no ring)
MPRegen 0.08/turn               (no ring)

@: no status effects
A: sickness immunity, AC +2, negative energy resistance 1, electricity
resistance, torment resistance 1, petrification resistance
a: no special abilities


You were on level 5 of the Dungeon.
You visited 1 branch of the dungeon, and saw 1 of its levels.

You collected 15 gold pieces.


Innate Abilities, Weirdness & Mutations

You are immune to sickness and miasma.
Your stone body is resilient. (AC +2)
You are immune to poison.
You resist negative energy. (rN+)
You are resistant to electric shocks. (rElec)
You are resistant to unholy torment.
You are immune to petrification.


   Skills:
 - Level 3.2 Fighting
 + Level 3.0 Axes
 - Level 1.5 Dodging
 - Level 5.4 Stealth


You had one spell level left.
You didn't know any spells.
Your spell library was empty.

Inventory:

Hand Weapons
 a - a +0 hand axe (weapon)
 k - a +0 whip
Armour
 b - a +0 leather armour (worn)
 j - a +0 cloak
Jewellery
 l - a +6 ring of dexterity
Wands
 g - a wand of digging (3)
Scrolls
 c - a scroll of fog
 d - a scroll of magic mapping
 e - a scroll of fear
 h - 2 scrolls of vulnerability {unknown}
 i - a scroll of enchant weapon {unknown}
Potions
 f - a potion of haste

Dungeon Overview and Level Annotations

Branches:
Dungeon (5/15)
 Temple: D:4-7

Altars:

Portals:
Ossuary: D:5


Message History

You see here a scroll of fear.
An ogre comes into view. It is wielding a +0 giant club.
The ogre shouts!
You hear a shout!
The ogre moves out of view.
An orc comes into view. It is wielding a +0 club.
You see here a +0 ring mail.
The orc shouts!
An ogre comes into view. It is wielding a +0 giant club.
You completely miss the orc. The orc hits you but does no damage.
You closely miss the orc. The orc hits you with a +0 club.
You hit the orc but do no damage. The orc hits you with a +0 club.
A dart slug comes into view.
290 ||| Stepping ~*~*~tactically~*~*~ (stealth).
The orc attacks as you move away! The orc hits you but does no damage.
You closely miss the orc. The orc hits you with a +0 club.
You hit the orc but do no damage. The orc closely misses you.
You barely miss the orc. The orc hits you but does no damage.
The orc closely misses you.
You hit the orc.
The orc is heavily wounded.
The orc closely misses you.
You hit the orc.
The orc is almost dead.
The orc closely misses you.
You hit the orc.
You kill the orc!
You hit the ogre.
The ogre is lightly wounded.
You hear the hiss of an avalanche of sand very nearby.
The ogre closely misses you.
You hit the ogre.
The ogre is moderately wounded.
The ogre hits you with a +0 giant club!
Ouch! That really hurt!
You die...

#..........#.#####....#
#............# ##..#
#...........## #..##
#)..........# ##>..#
#...........# ##..#...#
##........#.######..##
..#
#.......##......[.#...#..
#.####.#####.###....### .
#. #OO@../.# #.#### #
#..#####.# #.# ...... #.#
..# #....... #...###
.....O... ##.# .........
. .......... .. ...w...


You could see 2 ogres.

Vanquished Creatures
  2 adders (D:5)
  2 orcs (D:5)
4 creatures vanquished.

Notes
Turn   | Place    | Note
-------+----------+-------------------------------------------
     0 | D:5      | qw the Gargoyle Delver began the quest for the Orb.
     0 | D:5      | Reached XP level 1. HP: 14/14 MP: 1/1
     0 | D:5      | 0 ||| qw: Version: 0.1-a-116-g5d60599
     0 | D:5      | 0 ||| qw: Game counter: 8045
     0 | D:5      | 0 ||| qw: Always use a shield: true
     0 | D:5      | 0 ||| qw: God list: Okawaru
     0 | D:5      | 0 ||| qw: Allow faded altars: false
     0 | D:5      | 0 ||| qw: Do Orc after D:15 true
     0 | D:5      | 0 ||| qw: Do second Lair branch before Depths: true
     0 | D:5      | 0 ||| qw: Lair rune preference: random
     0 | D:5      | 0 ||| qw: Plans: Normal
     0 | D:5      | 0 ||| PLANNING D:1-11
    15 | D:5      | Found a sand-covered staircase.
    38 | D:5      | Reached XP level 2. HP: 10/19 MP: 2/2
   109 | D:5      | 109 ||| Stepping ~*~*~tactically~*~*~ (stealth).
   111 | D:5      | 111 ||| Stepping ~*~*~tactically~*~*~ (stealth).
   116 | D:5      | 116 ||| Stepping ~*~*~tactically~*~*~ (stealth).
   184 | D:5      | Reached skill level 3 in Axes
   281 | D:5      | Noticed an ogre
   286 | D:5      | Noticed an ogre
   290 | D:5      | 290 ||| Stepping ~*~*~tactically~*~*~ (stealth).
   298 | D:5      | Slain by an ogre

Levels and vault maps discovered:
D:5:      layout_rooms, old_standard_altar, tgw_trog,
          nicolae_ossuary_entry_monument

Skill      XL: |  1  2 |
---------------+-------+-----
Axes           | 2 3 |  3.0
Fighting       | |  3.2
Dodging        | |  1.5
Stealth        | |  5.4

Action                   || total
-------------------------++-------
Melee: Hand axe          ||    37
Armor: Leather armour    ||    17
Dodge: Dodged            ||    25

Table legend:
 A = Non-vault XP
 B = Vault XP
 C = Vault XP percentage of total XP
 D = Non-vault monster count
 E = Vault monster count
 F = Vault count percentage of total count
                 A         B        C        D         E       F
            +---------+---------+-------+---------+---------+-------
      Total |      33 |       0 |   0.0 |       4 |       0 |   0.0
            +---------+---------+-------+---------+---------+-------
        D:5 |      33 |       0 |   0.0 |       4 |       0 |   0.0
            +---------+---------+-------+---------+---------+-------
